 Dungeon Crawl Stone Soup version 0.24-a0-226-gca05e9d (webtiles) character file.

Game seed: 6067763344110436604

16 Hylith the Skirmisher (level 2, 0/27 HPs)
             Began as a Minotaur Fighter on Mar 31, 2019.
             Killed from afar by Natasha (8 damage)
             ... with a wand of flame (19)
             ... on level 2 of the Dungeon.
             The game lasted 00:01:47 (1030 turns).

Hylith the Skirmisher (Minotaur Fighter)            Turns: 1030, Time: 00:01:48

Health: 0/27       AC:  8    Str: 20    XL:     2   Next: 37%
Magic:  1/1        EV:  7    Int:  5    God:
Gold:   60         SH:  9    Dex:  9    Spells: 1/1 levels left

rFire    . . .     SeeInvis .   a - +0 flail
rCold    . . .     Gourm    .   c - +0 shield
rNeg     . . .     Faith    .   b - +0 scale mail
rPois    .         Spirit   .   (helmet restricted)
rElec    .         Reflect  .   k - +0 cloak
rCorr    .         Harm     .   (no gloves)
MR       .....                  (no boots)
Stlth    ..........             (no amulet)
HPRegen  0.09/turn              (no ring)
MPRegen  0.07/turn              (no ring)

@: no status effects
A: retaliatory headbutt, horns 2
a: no special abilities


You were on level 2 of the Dungeon.
You were not hungry.

You visited 1 branch of the dungeon, and saw 2 of its levels.

You collected 60 gold pieces.

Inventory:

Hand Weapons
 a - a +0 flail (weapon)
Armour
 b - a +0 scale mail (worn)
 c - a +0 shield (worn)
 k - a +0 cloak (worn)
Scrolls
 e - 4 scrolls of identify {unknown}
 g - a scroll of noise {unknown}
 i - a scroll of random uselessness {unknown}
Potions
 d - a potion of might
 h - a potion of heal wounds {unknown}
 j - a potion of brilliance {unknown}
 m - a potion of degeneration {unknown}
Comestibles
 f - 3 rations
 l - a chunk of flesh


   Skills:
 * Level 4.2 Fighting
 * Level 2.5 Maces & Flails
 * Level 3.8 Armour
 * Level 3.9 Shields


You had one spell level left.
You didn't know any spells.
Your spell library was empty.

Dungeon Overview and Level Annotations

Branches:
Dungeon (2/15)

Altars:

Annotations:
D:2 Natasha


Innate Abilities, Weirdness & Mutations

You reflexively headbutt those who attack you in melee.
You have a pair of horns on your head.


Message History

You are too injured to fight recklessly!
You are too injured to fight recklessly!
You are too injured to fight recklessly!
You are too injured to fight recklessly!
Sorry, you're not good enough to have a special ability.
You closely miss Natasha. Your headbutt misses Natasha.
Natasha is heavily wounded.
Natasha wildly gestures.
Natasha shimmers violently.
Natasha mumbles some strange words.
You barely miss Natasha. Your headbutt misses Natasha.
Natasha is heavily wounded.
Natasha claws you.
* * * LOW HITPOINT WARNING * * *
Your shield prevents you from hitting Natasha.
You headbutt Natasha.
Natasha is heavily wounded.
Natasha zaps a wand.
You block the puff of flame.
Natasha zaps a wand.
The puff of flame hits you!
You die...

#.. #.## # ...
#. #.####..
#.######......!
.####....<....#
.......รท...#!##
...#######.#.#
#.#@# #.#h#
#.#5# #..).
..$.# .... ####


You could see Natasha and a crimson imp.

Vanquished Creatures
  A leopard gecko (D:1)
  A ball python (D:1)
  3 goblins (D:1)
  A hobgoblin (D:1)
  2 frilled lizards (D:1)
  4 kobolds (D:1)
  4 rats
16 creatures vanquished.

Notes
Turn   | Place    | Note
-------+----------+-------------------------------------------
     0 | D:1      | Hylith the Minotaur Fighter began the quest for the Orb.
     0 | D:1      | Reached XP level 1. HP: 19/19 MP: 0/0
   305 | D:1      | Reached skill level 4 in Fighting
   330 | D:1      | Reached XP level 2. HP: 17/27 MP: 1/1
  1019 | D:2      | Noticed Natasha
  1029 | D:2      | Noticed a crimson imp
  1030 | D:2      | Killed from afar by Natasha

Levels and vault maps discovered:
D:1:      dpeg_arrival_line_fractal, layout_basic, serial_corexii_hall,
          chequers_hall_statues_corner_a, corexii_hall_statues_l,
          chequers_serial_rivers_large_a
D:2:      layout_loops_ring, nicolae_overflow_hidden_temple, eino_tiny_chamber,
          trog_three_pillars_becter, uniq_natasha

Skill      XL: |  1 |
---------------+----+-----
Fighting       | 4 |  4.2
Maces & Flails | |  2.5
Armour         | |  3.8
Shields        | |  3.9

Action                   || total
-------------------------++-------
Melee: Flail             ||    47
       Headbutt          ||     4
Armor: Scale mail        ||    19
Dodge: Dodged            ||     6
Block: Shield            ||    29

Table legend:
 A = Non-vault XP
 B = Vault XP
 C = Vault XP percentage of total XP
 D = Non-vault monster count
 E = Vault monster count
 F = Vault count percentage of total count
                 A         B        C        D         E       F
            +---------+---------+-------+---------+---------+-------
      Total |      23 |       0 |   0.0 |      16 |       0 |   0.0
            +---------+---------+-------+---------+---------+-------
        D:1 |      22 |       0 |   0.0 |      15 |       0 |   0.0
        D:2 |       1 |       0 |   0.0 |       1 |       0 |   0.0
            +---------+---------+-------+---------+---------+-------
